 Dungeon Crawl Stone Soup version 0.28-a0-1389-gc726bef33b (webtiles) character file.

Game seed: 10291765914738944303

294 browni3141 the Spear-Bearer (level 6, -4/47 HPs)
             Began as a Merfolk Gladiator on Jan 4, 2022.
             Slain by an orc (7 damage)
             ... on level 3 of the Dungeon.
             The game lasted 00:05:30 (3677 turns).

browni3141 the Spear-Bearer (Merfolk Gladiator)     Turns: 3677, Time: 00:05:31

Health: -4/47      AC:  4    Str: 14    XL:     6   Next: 33%
Magic:  15/15      EV: 16    Int:  7    God:
Gold:   68         SH:  0    Dex: 24    Spells: 5/5 levels left

rFire   . . .      SeeInvis .   a - +0 trident
rCold   . . .      Faith    .   (no shield)
rNeg    . . .      Spirit   .   b - +0 leather armour
rPois   .          Reflect  .   g - +0 helmet
rElec   .          Harm     .   (no cloak)
rCorr   .          Rampage  .   (no gloves)
Will    .....                   (no boots)
Stlth   ++........              (no amulet)
HPRegen 0.15/turn               o - +6 ring of dexterity
MPRegen 0.14/turn               h - ring of magical power

@: no status effects
A: (nimble swimmer 2), mertail
a: no special abilities


You were on level 3 of the Dungeon.
You visited 1 branch of the dungeon, and saw 4 of its levels.

You collected 68 gold pieces.

Inventory:

Hand Weapons
 a - a +0 trident (weapon)
 n - a +1 dagger of venom
Missiles
 d - a throwing net (quivered)
 f - 5 boomerangs
 j - 25 poisoned darts
Armour
 b - a +0 leather armour (worn)
 c - a +0 helmet
 g - a +0 helmet (worn)
 k - a +0 scale mail
Jewellery
 h - a ring of magical power (right hand)
 o - a +6 ring of dexterity (left hand)
Scrolls
 e - a scroll of fog
 m - a scroll of enchant weapon
 q - a scroll of brand weapon {unknown}
Potions
 i - 2 potions of magic
 l - a potion of attraction {unknown}
 p - a potion of berserk rage {unknown}
 r - a potion of heal wounds {unknown}


   Skills:
 + Level 3.1 Fighting
 * Level 8.1 Polearms
 - Level 2.0 Throwing
 + Level 5.9 Dodging


You had 5 spell levels left.
You didn't know any spells.
Your spell library contained the following spells:

 Spells                   Type           Power      Damage    Failure   Level
 Magic Dart               Conj           0%         1d3       52%         1
 Searing Ray              Conj           0%         2d4       65%         2
 Static Discharge         Conj/Air       0%         N/A       65%         2
 Fulminant Prism          Conj/Hex       0%         3d6       99%         4
 Lightning Bolt           Conj/Air       0%         1d11      100%        5
 Maxwell's Capacitive Co  Air            0%         ∞         100%        8


Dungeon Overview and Level Annotations

Branches:
Dungeon (4/15)
 Temple: D:4-7

Altars:

Annotations:
D:2 Sigmund


Innate Abilities, Weirdness & Mutations

((You are very nimble when in or above water. (Stealth+, EV+, Speed+++)))
Your lower body shifts to a powerful aquatic tail in water.


Message History

The orc priest is caught in the net!
The orc priest is moderately wounded.
The orc priest struggles against the net.
The orc misses you.
You hit the orc priest but do no damage.
The orc priest is moderately wounded.
The orc priest struggles against the net.
You catch the helpless orc priest completely off-guard!
You hit the orc priest but do no damage.
The orc priest is moderately wounded.
The orc misses you.
The orc priest calls upon Beogh to heal the orc.
The orc's wounds heal themselves!
The orc priest struggles against the net.
You hit the orc priest but do no damage.
The orc priest is moderately wounded.
The orc hits you with a +3 flail of holy wrath.
Unknown command.
You hit the orc priest but do no damage.
The orc priest is moderately wounded.
The orc hits you with a +3 flail of holy wrath.
The orc priest struggles against the net.
Unknown command.
You strike the helpless orc priest from behind!
You hit the orc priest but do no damage.
The orc priest is moderately wounded.
The orc barely misses you.
Unknown command.
You catch the helpless orc priest completely off-guard!
You hit the orc priest.
The orc priest is heavily wounded.
The orc priest invokes the aid of Beogh against you.
Beogh smites you!
* * * LOW HITPOINT WARNING * * *
The orc priest struggles against the net.
The orc completely misses you.
You hit the orc priest.
The orc priest is severely wounded.
The orc hits you with a +3 flail of holy wrath!
You die...

#.####.......# #.#######
####....†.##.#### #.#
#.......####.######.#
#.##.##.####........#
#.##.........#...#..#
#.##.##.####.#.#....#
#.##...†.........#.## #####
#.......#.##.##o##.#########....
##########.##..o@...##........##.
.≈≈≈≈≈≈##.....##.#####.#####..###
######≈###.##.##.# #.####...#
≈≈†≈≈≈≈≈##.#...#.# ##.##.....#
≈#########.......# #.........#
≈≈≈≈≈##≈####...### #).).....##
†#≈#≈≈≈≈# #...# #........####
≈#≈#########...######.###.#.###..
≈#≈≈≈≈†≈#...........#.###.#.###..


You could see an orc priest (caught) and an orc.

Vanquished Creatures
  Jessica (D:2)
  Natasha (thrice) (D:3)
  6 adders (D:3)
  4 river rats (D:3)
  5 worms
  4 orcs
  5 ball pythons
  6 bats
  8 endoplasms
  5 giant cockroaches
  5 goblins
  5 hobgoblins (D:1)
  6 jackals
  2 quokkas
  5 frilled lizards
  10 kobolds
  8 rats
88 creatures vanquished.

Notes
Turn   | Place    | Note
-------+----------+-------------------------------------------
     0 | D:1      | browni3141 the Merfolk Gladiator began the quest for the
                  | Orb.
     0 | D:1      | Reached XP level 1. HP: 16/16 MP: 1/1
   306 | D:1      | Reached XP level 2. HP: 19/22 MP: 2/2
   363 | D:1      | Reached skill level 5 in Polearms
   720 | D:1      | Reached XP level 3. HP: 27/27 MP: 3/3
  1549 | D:2      | Reached skill level 6 in Polearms
  1777 | D:2      | Noticed Sigmund
  1833 | D:2      | Noticed Jessica
  1840 | D:2      | Killed Jessica
  1841 | D:2      | Reached skill level 5 in Dodging
  1841 | D:2      | Reached XP level 4. HP: 33/33 MP: 4/4
  2496 | D:3      | Noticed Natasha
  2507 | D:3      | Killed Natasha
  2508 | D:3      | Reached skill level 7 in Polearms
  2508 | D:3      | Reached XP level 5. HP: 12/39 MP: 5/5
  2825 | D:3      | Noticed Natasha
  2841 | D:3      | Killed Natasha
  3026 | D:3      | Reached XP level 6. HP: 46/46 MP: 6/6
  3154 | D:3      | Noticed Natasha
  3170 | D:3      | Killed Natasha
  3171 | D:3      | Reached skill level 8 in Polearms
  3677 | D:3      | Slain by an orc

Illustrated notes

Levels and vault maps discovered:
D:1:      saegor_arrival_fortress, layout_loops_ring
D:2:      layout_rooms, uniq_jessica, uniq_sigmund
D:3:      layout_loops_cross, lightli_sewer_entry_pipes, uniq_natasha
D:4:      minmay_general_purpose_star, layout_basic, minmay_misc_feat_hallway,
          minmay_starry_boxes, uniq_robin

Skill      XL: |  1  2  3  4  5  6 |
---------------+-------------------+-----
Polearms       | 5 6 7 8 |  8.1
Dodging        | 5 |  5.9
Fighting       | 3 |  3.1
Throwing       | |  2.0

Action                   |  1- 3 |  4- 6 || total
-------------------------+-------+-------++-------
Melee: Trident           |   147 |   172 ||   319
       Tailslap          |       |     6 ||     6
Throw: Throwing net      |       |     3 ||     3
  Use: Scroll            |       |     3 ||     3
 Stab: Sleeping          |     4 |     2 ||     6
       Held in net/web   |       |     5 ||     5
Armor: Leather armour    |    25 |    14 ||    39
Dodge: Dodged            |    66 |   104 ||   170

Table legend: (Time is in decaauts)
 A = Elapsed time spent in this place.
 B = Non-inter-level travel time spent in this place.
 C = Inter-level travel time spent in this place.
 D = Time resting spent in this place.
 E = Time spent auto-exploring this place.
 F = Levels seen in this place.
 G = Mean time per level.
                   A        B        C        D        E       F      G
               +--------+--------+--------+--------+--------+-----+--------+
         Total |   3613 |   3447 |    166 |    150 |   2563 |   4 |  903.2 |
       Dungeon |   3613 |   3447 |    166 |    150 |   2563 |   4 |  903.2 |
               +--------+--------+--------+--------+--------+-----+--------+

Top non-repeatable levels by time:
     D:3: 1625 daAuts
     D:1: 1406 daAuts
     D:2: 542 daAuts
     D:4: 38 daAuts
